 Dungeon Crawl Stone Soup version 0.32-a0-42-ga30500b4d3 (webtiles) character file.

Game seed: 9972143796465672029

68 grandjackal the Slasher (level 4, -5/35 HPs)
             Began as a Demonspawn Gladiator on Jan 30, 2024.
             Killed by divine providence
             ... invoked by an orc priest
              (11 damage)
             ... on level 3 of the Dungeon.
             The game lasted 00:02:59 (1969 turns).

grandjackal the Slasher (Demonspawn Gladiator)      Turns: 1969, Time: 00:03:00

Health: -5/35      AC:  5    Str: 14    XL:     4   Next: 1%
Magic:  4/4        EV: 13    Int:  8    God:
Gold:   122        SH:  0    Dex: 17    Spells: 3/3 levels left

rFire   . . .        a - +0 long sword
rCold   . . .        (no shield)
rNeg    . . .        b - +0 leather armour
rPois   .            (helmet restricted)
rElec   .            (no cloak)
rCorr   .            (no gloves)
SInv    .            (no boots)
Will    .....        (no amulet)
Stlth   +            (no ring)
HPRegen 0.25/turn    (no ring)
MPRegen 0.09/turn

%: no passive effects
@: no status effects
A: horns 1, yellow scales 1, demonic guardian 1
a: no special abilities


You were on level 3 of the Dungeon.
You visited 1 branch of the dungeon, and saw 3 of its levels.

You collected 122 gold pieces.

Inventory:

Hand Weapons
 a - a +0 long sword (weapon)
Missiles
 d - 3 throwing nets (quivered)
 e - a javelin
 m - 6 poisoned darts
Armour
 b - a +0 leather armour (worn)
Scrolls
 f - 2 scrolls of noise {unknown}
 g - a scroll of immolation {unknown}
 i - a scroll of summoning {unknown}
 j - 4 scrolls of identify {unknown}
 k - 2 scrolls of teleportation {unknown}
 l - a scroll of enchant weapon {unknown}
Potions
 c - a potion of ambrosia {unknown}
 h - a potion of curing {unknown}
 n - a potion of lignification {unknown}


   Skills:
 + Level 3.0 Fighting
 + Level 3.3 Long Blades
 - Level 2.0 Throwing
 + Level 3.3 Dodging


You had 3 spell levels left.
You didn't know any spells.
Your spell library contained the following spells:

 Spells                   Type           Power      Damage    Failure   Level
 Static Discharge         Conj/Air       0%         3-3/arc   63%         2
 Hailstorm                Conj/Ice       0%         3d5       86%         3
 Summon Ice Beast         Ice/Summ       0%         N/A       86%         3
 Airstrike                Air            0%         2d(0-16)  99%         4
 Summon Lightning Spire   Summ/Air       0%         N/A       99%         4
 Vhi's Electric Charge    Tloc/Air       0%         N/A       99%         4
 Arcjolt                  Conj/Air       0%         1d10      100%        5
 Sculpt Simulacrum        Ice/Alch       0%         N/A       100%        6
 Maxwell's Capacitive Co  Air            0%         ∞         100%        8


Dungeon Overview and Level Annotations

Branches:
Dungeon (3/15)

Altars:
Makhleb


Innate Abilities, Weirdness & Mutations

You have a pair of small horns on your head.
You are partially covered in yellow scales. (AC +2)
A weak demonic guardian rushes to your aid.


Message History

A bat comes into view.
The bat hits you but does no damage.
You closely miss the bat. You headbutt the bat.
You kill the bat!
Your Fighting skill increases to level 3!
No target in view!
You open the door.
There is an open door here.
There is a burning altar of Makhleb here.
Welcome back, grandjackal the Demonspawn Gladiator.
Press ? for a list of commands and other information.
You open the door.
There is an open door here. 2 orcs and an orc priest come into view.
The orc shouts! x2
There are monsters nearby!
There are monsters nearby!
The orc hits you with a +0 club.
The orc priest hits you with a +0 hand axe.
You hit the orc priest but do no damage.
The orc barely misses you.
You barely miss the orc priest.
The orc priest hits you with a +0 hand axe.
The orc hits you with a +0 club. The orc barely misses you.
You hit the orc priest.
The orc priest is lightly wounded.
The orc priest hits you but does no damage.
The orc barely misses you. The orc closely misses you.
The orc priest hits you with a +0 hand axe.
The orc hits you but does no damage. The orc hits you with a +0 hand axe.
You hit the orc priest but do no damage.
The orc priest is lightly wounded.
The orc hits you with a +0 club.
A demonic guardian appears!
The orc priest invokes the aid of Beogh against you.
Beogh smites you!
* * * LOW HITPOINT WARNING * * *
The orc closely misses you.
The orc priest calls down the wrath of Beogh upon you.
Beogh smites you!
You die...

##.##.########.###
#...#......).)...#
......##.#######.#
#...#.##.# ### #.#
...##.##.#######.#
#...#.##.'.._..'.#
......##.###.###.#
#...#.##.# #.# #5#
...##.#..###'###@#
#.###.........o..#
##.......oo.#
############


You could see an orc priest (ally target), 2 orcs and a friendly quasit
(summoned).

Vanquished Creatures
  An adder (D:2)
  A dart slug (D:2)
  A ribbon worm (D:2)
  An orc (D:3)
  5 endoplasms
  2 giant cockroaches (D:1)
  6 hobgoblins
  2 quokkas (D:1)
  2 ball pythons
  6 bats
  4 frilled lizards
  6 goblins
  7 kobolds
  3 rats
47 creatures vanquished.

Vanquished Creatures (collateral kills)
  2 orcs (D:3)
2 creatures vanquished.

Grand Total: 49 creatures vanquished

Notes
Turn   | Place    | Note
-------+----------+-------------------------------------------
     0 | D:1      | grandjackal the Demonspawn Gladiator began the quest for
                  | the Orb.
     0 | D:1      | Reached XP level 1. HP: 16/16 MP: 1/1
   170 | D:1      | Gained mutation: A weak demonic guardian rushes to your
                  | aid. [demonic ancestry]
   170 | D:1      | Reached XP level 2. HP: 13/22 MP: 2/2
   622 | D:1      | Gained mutation: You have a pair of small horns on your
                  | head. [demonic ancestry]
   622 | D:1      | Reached XP level 3. HP: 28/28 MP: 3/3
   711 | D:1      | Found a faded altar of an unknown god.
  1778 | D:3      | Found a burning altar of Makhleb.
  1803 | D:3      | Gained mutation: You are partially covered in yellow
                  | scales. (AC +2) [demonic ancestry]
  1803 | D:3      | Reached XP level 4. HP: 5/34 MP: 4/4
  1969 | D:3      | Killed from afar by an orc priest

Illustrated notes

Levels and vault maps discovered:
D:1:      minmay_arrival_checkered_box, layout_loops_cross,
          chequers_ecumenical_altar_lobes, chequers_serial_rivers_large_b
D:2:      layout_basic
D:3:      layout_loops_ring, lemuel_doored_altar,
          hangedman_abyss_or_decor_lesser_grid, roderic_roman_lattice,
          uniq_terence

Skill      XL: |  1  2  3  4 |
---------------+-------------+-----
Throwing       | 2 |  2.0
Long Blades    | 3 |  3.3
Dodging        | 3 |  3.3
Fighting       | 3 |  3.0

Action                     |  1- 3 |  4- 6 || total
---------------------------+-------+-------++-------
  Melee: Long sword        |   111 |     5 ||   116
         Headbutt          |    14 |     1 ||    15
         Punch             |     1 |       ||     1
   Stab: Sleeping          |     2 |       ||     2
 Armour: Leather armour    |    53 |    10 ||    63
  Dodge: Dodged            |    70 |     5 ||    75

Table legend: (Time is in decaauts)
 A = Elapsed time spent in this place.
 B = Non-inter-level travel time spent in this place.
 C = Inter-level travel time spent in this place.
 D = Time resting spent in this place.
 E = Time spent auto-exploring this place.
 F = Levels seen in this place.
 G = Mean time per level.
                   A        B        C        D        E       F      G
               +--------+--------+--------+--------+--------+-----+--------+
         Total |   2025 |   1987 |     38 |    166 |   1463 |   3 |  675.0 |
       Dungeon |   2025 |   1987 |     38 |    166 |   1463 |   3 |  675.0 |
               +--------+--------+--------+--------+--------+-----+--------+

Top non-repeatable levels by time:
     D:1: 925 daAuts
     D:2: 834 daAuts
     D:3: 265 daAuts
